 Dungeon Crawl Stone Soup version 0.19.1-1-g22dce08 (webtiles) character file.

73 zhar the Grave Robber (level 4, 0/30 HPs)
             Began as a Vampire Necromancer on Jan 18, 2017.
             Slain by a gnoll
             ... wielding a +0 spear of freezing
              (3 damage)
             ... on level 2 of the Dungeon.
             The game lasted 00:24:22 (2476 turns).

zhar the Grave Robber (Vampire Necromancer)         Turns: 2476, Time: 00:24:23

Health: 0/30       AC:  3    Str:  7    XL:     4   Next: 8%
Magic:  2/7        EV: 13    Int: 27    God:
Gold:   51         SH:  0    Dex: 14    Spells: 3 memorised, 3 levels left

rFire  . . .     SeeInvis +     r - +0 short sword (venom)
rCold  + + .     Gourm    .     a - +0 robe
rNeg   + + +     Faith    .     (no shield)
rPois  ∞         Spirit   .     h - +1 hat
rElec  .         Reflect  .     (no cloak)
rCorr  .         Harm     .     (no gloves)
MR     .....                    (no boots)
Stlth  +++++.....               (no amulet)
                                e - +5 ring of intelligence
                                i - +4 ring of intelligence

@: bloodless, non-regenerating
A: fangs 3, see invisible, unbreathing
a: Bat Form


You were on level 2 of the Dungeon.
You were bloodless.

You visited 1 branch of the dungeon, and saw 2 of its levels.

You collected 51 gold pieces.

Inventory:

Hand Weapons
 o - a +0 dagger
 r - a +0 short sword of venom (weapon)
Missiles
 d - 84 stones (quivered)
 j - 16 arrows
Armour
 a - a +0 robe (worn)
 h - a +1 hat (worn)
Jewellery
 e - a +5 ring of intelligence (right hand)
 i - a +4 ring of intelligence (left hand)
Scrolls
 k - 2 scrolls of remove curse {unknown}
 m - 2 scrolls of teleportation {unknown}
 n - a scroll of identify
 p - a scroll of noise {unknown}
Potions
 c - 23 potions of blood
 f - 2 potions of haste {unknown}
 g - a potion of mutation {unknown}
 l - a potion of degeneration {unknown}
 q - a potion of cure mutation {unknown}
Books
 b - a book of Necromancy

   Spells                             Type                      Level
   a - Pain                           Necromancy                   1
   b - Animate Skeleton               Necromancy                   1
   c - Vampiric Draining              Necromancy                   3
   d - Regeneration                   Charms/Necromancy            3
   e - Animate Dead                   Necromancy                   4
   f - Control Undead                 Necromancy                   4


   Skills:
 + Level 0.7 Short Blades
 + Level 2.4 Dodging
 * Level 4.1 Stealth
 + Level 2.5 Spellcasting
 + Level 5.2 Necromancy


You had 3 spell levels left.
You knew the following spells:

 Your Spells              Type           Power        Failure   Level  Hunger
a - Pain                  Necr           ####         1%          1    None
b - Animate Skeleton      Necr           N/A          1%          1    None
c - Vampiric Draining     Necr           ####......   3%          3    ###....


Dungeon Overview and Level Annotations

Branches:
Dungeon (2/15)

Altars:


Innate Abilities, Weirdness & Mutations

You do not heal naturally.
You are immune to poison.
You have razor-sharp teeth.
You have supernaturally acute eyesight. (SInv)
You can survive without breathing.


Message History

You feel devoid of blood!
You see here a scroll labeled OSE FOILOSUR.
k - 2 scrolls labeled OSE FOILOSUR (gained 1)
The gnoll misses you. The gnoll misses you. The gnoll barely misses you.
The gnoll barely misses you.
Casting: Vampiric Draining
Confirm with . or Enter, or press ? or * to list all spells.
Aiming: Vampiric Draining
Press: ? - help, Shift-Dir - straight line, f - gnoll
Aim: a gnoll, wielding a spear The gnoll is severely wounded.
You feel life coursing into your body. The gnoll hits you with a spear!
The gnoll hits you from afar with a spear of freezing!
* * * LOW HITPOINT WARNING * * *
The gnoll freezes you.
* * * LOW HITPOINT WARNING * * *
The gnoll hits you from afar with a spear of freezing.
You die...

######### #...
#.......###.#.
####.......#.....
..##.......#.....
#.##.............
#.##.......#.....
#.##.....†.#.....
###.##.......#.##..
#.@....#######.. ..
#g#....### ### .#
#..g.....# .#
#........#
#........#
#.#....#.#
#.........
###.####.## .# #


You could see 2 gnolls.

Vanquished Creatures
  A gnoll (D:2)
  An ooze (D:1)
  2 dart slugs (D:1)
  2 leopard geckos (D:1)
  A ball python (D:1)
  3 giant cockroaches
  6 hobgoblins
  7 jackals (D:1)
  7 kobolds
  6 bats
  6 frilled lizards
  4 goblins (D:1)
  4 rats
50 creatures vanquished.

Vanquished Creatures (collateral kills)
  A ball python (D:1)
1 creature vanquished.

Grand Total: 51 creatures vanquished

Notes
Turn   | Place    | Note
-------+----------+-------------------------------------------
     0 | D:1      | zhar the Vampire Necromancer began the quest for the Orb.
     0 | D:1      | Reached XP level 1. HP: 13/13 MP: 3/3
   394 | D:1      | Reached XP level 2. HP: 19/19 MP: 3/5
   723 | D:1      | Reached skill level 5 in Necromancy
  1187 | D:1      | Learned a level 1 spell: Animate Skeleton
  1512 | D:1      | Reached XP level 3. HP: 24/24 MP: 6/6
  1673 | D:1      | Learned a level 3 spell: Vampiric Draining
  2425 | D:2      | Reached XP level 4. HP: 27/30 MP: 0/7
  2476 | D:2      | Slain by a gnoll

Skill      XL: |  1  2  3 |
---------------+----------+-----
Necromancy     | 5 |  5.2
Stealth        | 4 |  4.1
Short Blades   | |  0.7
Dodging        | |  2.4
Spellcasting   | |  2.5

Action                   |  1- 3 |  4- 6 || total
-------------------------+-------+-------++-------
Melee: Short sword       |    39 |     3 ||    42
       Bite              |     2 |       ||     2
 Cast: Pain              |    39 |       ||    39
       Animate Skeleton  |     2 |       ||     2
       Vampiric Draining |     5 |     2 ||     7
  Use: Scroll            |     2 |       ||     2
 Stab: Sleeping          |    12 |     1 ||    13
       Distracted        |     1 |       ||     1
Armor: Robe              |     6 |     1 ||     7
Dodge: Dodged            |    23 |     8 ||    31
